 Crawl Stoat Soup version 0.22-og-25-gc7d96d2807 (console) character file.

569 ceb the Firebug (level 7, 0/42 HPs)
             Began as a Faerie Dragon Fire Elementalist on Dec 31, 2018.
             Slain by a gnoll
             ... wielding a +0 spear
              (1 damage)
             ... on level 4 of the Dungeon.
             The game lasted 00:06:32 (3191 turns).

ceb the Firebug (Faerie Dragon Fire Elementalist)   Turns: 3191, Time: 00:06:33

Health: 0/42       AC:  8    Str:  8      XL:     7   Next: 33%
Magic:  14/14      EV: 17    Int: 20 (21) God:
Gold:   151        SH:  6    Dex: 14      Spells: 7/15 levels left

rFire    . . .     SeeInvis .   (weapon restricted)
rCold    . . .     Gourm    .   (shield restricted)
rNeg     . . .     Faith    .   (armour unavailable)
rPois    .         Spirit   .   (helmet restricted)
rElec    .         Reflect  .   i - +0 cloak
rCorr    .         Harm     .   (no gloves)
MR       .....                  (no boots)
Stlth    ++........             (no amulet)
HPRegen  0.14/turn              (no ring)
MPRegen  0.14/turn              (no ring)

@: flying
A: small, unfitting armour, rugged brown scales 1, agile 1, deterioration 1,
strong 1, magic attunement, magical scales, able to fly
a: Stop Flying


You were on level 4 of the Dungeon.
You were not hungry.

You visited 1 branch of the dungeon, and saw 4 of its levels.

You collected 151 gold pieces.

Inventory:

Armour
 i - a +0 cloak (worn)
Jewellery
 o - a cursed ring of ice {unknown}
Wands
 q - a wand of polymorph (11)
Scrolls
 a - 2 scrolls of remove curse {unknown}
 d - 8 scrolls of teleportation {unknown}
 e - a scroll of blinking {unknown}
 k - 3 scrolls of identify {unknown}
 m - a scroll of enchant armour {unknown}
 n - a scroll of enchant weapon {unknown}
 s - a scroll of noise {unknown}
 t - a scroll of random uselessness {unknown}
Potions
 c - 2 potions of resistance {unknown}
 g - a potion of degeneration {unknown}
 h - a potion of berserk rage {unknown}
 j - a potion of curing {unknown}
 p - 3 potions of brilliance {unknown}
 r - 2 potions of agility {unknown}
Comestibles
 b - 2 bread rations
 f - 3 meat rations
 l - 7 chunks of flesh


   Skills:
 + Level 4.6 Dodging
 - Level 1.0 Stealth
 + Level 4.7 Spellcasting
 + Level 4.6 Conjurations
 + Level 5.8 Fire Magic


You had 7 spell levels left.
You knew the following spells:

 Your Spells              Type           Power        Failure   Level  Hunger
a - Flame Tongue          Conj/Fire      ####.        1%          1    None
b - Conjure Flame         Conj/Fire      ####....     4%          3    None
c - Sticky Flame          Conj/Fire      ####....     14%         4    None

Your spell library contained the following spells:

 Spells                   Type           Power        Failure   Level  Hunger
 Throw Flame              Conj/Fire      ####..       2%          2    None
 Inner Flame              Hex/Fire       ###.....     11%         3    None
 Fireball                 Conj/Fire      ####......   36%         5    None


Dungeon Overview and Level Annotations

Branches:
Dungeon (4/15)
 Temple: D:4-7

Altars:


Innate Abilities, Weirdness & Mutations

You cannot fit into any form of body armour.
You are small and have problems with some larger weapons.
Your spells do not cause hunger; their MP costs are reduced by 1.
Your shimmering scales repel attacks (AC +6, SH +6).
You can fly continuously.
You are partially covered in rugged brown scales. (AC +1, +3% HP)
You are agile. (Dex +2)
Your body sometimes deteriorates upon taking damage.
Your muscles are strong. (Str +2)


Message History

Confirm with . or Enter, or press ? or * to list all spells.
Aiming: Flame Tongue (safe; 1% risk of failure)
Press: ? - help, Shift-Dir - straight line, f - gnoll
Aim: a gnoll, wielding a spear The flame tongue hits the gnoll.
The gnoll is lightly wounded.
The gnoll hits you from afar with an enchanted halberd!
* * * LOW HITPOINT WARNING * * *
Your body deteriorates!
You feel dopey.
The gnoll hits you from afar with a spear.
* * * LOW HITPOINT WARNING * * *
Casting: Flame Tongue (safe; 1% risk of failure)
Confirm with . or Enter, or press ? or * to list all spells.
Aiming: Flame Tongue (safe; 1% risk of failure)
Press: ? - help, Shift-Dir - straight line, f/p - gnoll
Aim: a gnoll, wielding a spear (lightly wounded)
The flame tongue hits the gnoll.
The gnoll is moderately wounded.
The gnoll hits you from afar with a spear.
You die...

.. ... ... ...
############# ...
#...........# ....# ...
#....<......# .....# ..(
#.).........+ .....# ####
#...........# .....# .....
#...@.......###....#
......##g###........#....#
...........#........#....#
...........#......÷.'....#
...........#........#....#
##....##...#.....÷..#....#
#.... #...#........#....#
#..... ....#........#....#
#.... ######........#....#


You could see a gnoll.

Vanquished Creatures
  A sky beast (D:4)
  Blork the orc (D:4)
  The ghost of ceb the Skirmisher, a weakling MiBe of Trog (D:3)
  A howler monkey (D:4)
  3 orc wizards (D:3)
  Natasha (thrice) (D:2)
  Terence (D:2)
  2 gnolls (D:4)
  4 adders
  An ooze (D:1)
  3 worms
  4 leopard geckos
  8 orcs
  5 bats
  2 giant cockroaches
  7 goblins
  6 hobgoblins
  4 jackals (D:4)
  A weasel (D:4)
  7 frilled lizards
  10 kobolds
  7 rats
82 creatures vanquished.

Notes
Turn   | Place    | Note
-------+----------+-------------------------------------------
     0 | D:1      | ceb the Faerie Dragon Fire Elementalist began the quest for
                  | the Orb.
     0 | D:1      | Reached XP level 1. HP: 11/11 MP: 3/3
    65 | D:1      | Reached XP level 2. HP: 17/17 MP: 5/5
   386 | D:1      | Reached skill level 4 in Fire Magic
   465 | D:1      | Reached XP level 3. HP: 21/21 MP: 7/7
   789 | D:2      | Noticed Natasha
   796 | D:2      | Killed Natasha
   796 | D:2      | Reached XP level 4. HP: 21/27 MP: 8/8
   961 | D:2      | Noticed Natasha
   968 | D:2      | Killed Natasha
  1162 | D:2      | Noticed Natasha
  1168 | D:2      | Killed Natasha
  1168 | D:2      | Reached XP level 5. HP: 31/31 MP: 10/10
  1458 | D:2      | Noticed Terence
  1464 | D:2      | Killed Terence
  1791 | D:3      | Noticed ceb's ghost (weakling MiBe)
  1811 | D:3      | Killed ceb's ghost
  1811 | D:3      | Reached XP level 6. HP: 17/36 MP: 11/11
  1972 | D:3      | Reached skill level 5 in Fire Magic
  2838 | D:4      | Noticed a sky beast
  2845 | D:4      | Killed a sky beast
  2852 | D:4      | Gained mutation: You are partially covered in rugged brown
                  | scales. (AC +1, +3% HP) [mutagenic meat]
  2853 | D:4      | Gained mutation: Your body sometimes deteriorates upon
                  | taking damage. [mutagenic meat]
  2854 | D:4      | Gained mutation: Your muscles are strong. (Str +2)
                  | [mutagenic meat]
  2855 | D:4      | Gained mutation: You are agile. (Dex +2) [mutagenic meat]
  2861 | D:4      | Reached XP level 7. HP: 42/42 MP: 13/13
  2970 | D:4      | Noticed Blork the orc
  2983 | D:4      | Killed Blork the orc
  3082 | D:4      | Learned a level 3 spell: Conjure Flame
  3087 | D:4      | Learned a level 4 spell: Sticky Flame
  3189 | D:4      | HP: 1/42 [gnoll/spear (4)]
  3191 | D:4      | Slain by a gnoll

Skill      XL: |  1  2  3  4  5  6 |
---------------+-------------------+-----
Fire Magic     | 4 5 |  5.8
Conjurations   | 2 3 4 |  4.6
Dodging        | 3 4 |  4.6
Spellcasting   | 3 4 |  4.7
Stealth        | |  1.0

Action                   |  1- 3 |  4- 6 |  7- 9 || total
-------------------------+-------+-------+-------++-------
Melee: Unarmed           |     5 |     7 |       ||    12
 Cast: Flame Tongue      |    48 |   114 |    28 ||   190
 Stab: Sleeping          |     1 |       |       ||     1
  Eat: Chunk             |       |    11 |     1 ||    12
Armor: Skin              |     8 |    11 |     4 ||    23
Dodge: Dodged            |    15 |    37 |    11 ||    63
Block: Other             |     6 |    15 |     4 ||    25
